TOP OF THE 1ST |
Columbia Fireflies batting - Pitching for Mississippi Braves : RHP Orlando Velazquez
|
Pitching: RHP Orlando Velazquez
|
|
Batting: RHB Omar Novoa
|
0-0: Fly out, F7 (Line Drive, 7LM, EV 90.0 MPH)
|
Batting: SHB Masatoshi Akahoshi
|
0-0: Ball 1-0: Called Strike 1-1: Foul Ball, location: 2F 1-2: Fly out, F9 (Flyball, 89XD, EV 97.5 MPH)
|
Batting: SHB Justin Wallace
|
0-0: Called Strike 0-1: Ball 1-1: Foul Ball, location: 2F 1-2: Ball 2-2: Ground out U3 (Groundball, 34, EV 93.1 MPH)
|
Top of the 1st over - 0 runs, 0 hits, 0 errors, 0 left on base; Columbia 0 - Mississippi 0 |
BOTTOM OF THE 1ST |
Mississippi Braves batting - Pitching for Columbia Fireflies : RHP Tyler Lybrand
|
Pitching: RHP Tyler Lybrand
|
|
Batting: RHB Hieronim Rutkowski
|
0-0: Ball 1-0: Foul Ball, location: 2F 1-1: Ball 2-1: Ball 3-1: Swinging Strike 3-2: Strikes out looking
|
Batting: LHB Luis Cruz
|
0-0: Swinging Strike 0-1: Ball 1-1: Ground out 4-3 (Groundball, 4M, EV 76.2 MPH)
|
Batting: RHB Erik Coleman
|
0-0: Called Strike 0-1: Called Strike 0-2: Ground out 6-3 (Groundball, 56, EV 100.6 MPH)
|
Bottom of the 1st over - 0 runs, 0 hits, 0 errors, 0 left on base; Columbia 0 - Mississippi 0 |
TOP OF THE 2ND |
Columbia Fireflies batting - Pitching for Mississippi Braves : RHP Orlando Velazquez
|
Batting: LHB Tony Leyba
|
0-0: Swinging Strike 0-1: Called Strike 0-2: Strikes out swinging
|
Batting: RHB Masaya Nakamura
|
0-0: Ball 1-0: Foul Ball, location: 2F 1-1: Swinging Strike 1-2: SINGLE (Line Drive, 89M, EV 92.5 MPH)
|
Batting: RHB Andy Carrell
|
0-0: Ball 1-0: Called Strike 1-1: Swinging Strike 1-2: Ball 2-2: Ball 3-2: Ground out 5-3 (Groundball, 56S, EV 67.5 MPH) Masaya Nakamura to second
|
Batting: RHB Larry Shoop
|
0-0: Called Strike 0-1: Swinging Strike 0-2: Foul Ball, location: 2F 0-2: Ball 1-2: Ball 2-2: Ground out 5-3 (Groundball, 5S, EV 83.1 MPH)
|
Top of the 2nd over - 0 runs, 1 hit, 0 errors, 1 left on base; Columbia 0 - Mississippi 0 |
BOTTOM OF THE 2ND |
Mississippi Braves batting - Pitching for Columbia Fireflies : RHP Tyler Lybrand
|
Batting: RHB Yojiro Hayashi
|
0-0: Called Strike 0-1: Foul Ball, location: 2F 0-2: Foul Ball, location: 2F 0-2: Foul Ball, location: 2F 0-2: Strikes out swinging
|
Batting: LHB Sal Fernandez
|
0-0: Ball 1-0: Ball 2-0: Ball 3-0: Called Strike 3-1: Ground out 4-3 (Groundball, 34, EV 82.5 MPH)
|
Batting: SHB Jose Melendez
|
0-0: Called Strike 0-1: SINGLE (Groundball, 34D, EV 105.0 MPH)
|
Batting: SHB David Beauchamp
|
0-0: Called Strike Jose Melendez is caught stealing 2nd base 2-6
|
Bottom of the 2nd over - 0 runs, 1 hit, 0 errors, 0 left on base; Columbia 0 - Mississippi 0 |
TOP OF THE 3RD |
Columbia Fireflies batting - Pitching for Mississippi Braves : RHP Orlando Velazquez
|
Batting: RHB Dan Muse
|
0-0: Ball 1-0: Foul Ball, location: 2F 1-1: Foul Ball, location: 2F 1-2: Strikes out swinging
|
Batting: RHB David Reyna
|
0-0: Ball 1-0: Ball 2-0: Foul Ball, location: 2F 2-1: Foul Ball, location: 2F 2-2: Strikes out looking
|
Batting: RHB Omar Novoa
|
0-0: Ball 1-0: Called Strike 1-1: Swinging Strike 1-2: Strikes out swinging
|
Top of the 3rd over - 0 runs, 0 hits, 0 errors, 0 left on base; Columbia 0 - Mississippi 0 |
BOTTOM OF THE 3RD |
Mississippi Braves batting - Pitching for Columbia Fireflies : RHP Tyler Lybrand
|
Batting: SHB David Beauchamp
|
0-0: Ball 1-0: Fly out, F6 (Line Drive, 6M, EV 66.9 MPH)
|
Batting: RHB Alex Velasquez
|
0-0: Foul Ball, location: 2F 0-1: Ground out 6-3 (Groundball, 6, EV 88.1 MPH)
|
Batting: RHB Adrian Billups
|
0-0: Called Strike 0-1: Ball 1-1: Ball 2-1: Foul Ball, location: 2F 2-2: Ball 3-2: Ground out 6-3 (Groundball, 6M, EV 92.5 MPH)
|
Bottom of the 3rd over - 0 runs, 0 hits, 0 errors, 0 left on base; Columbia 0 - Mississippi 0 |
TOP OF THE 4TH |
Columbia Fireflies batting - Pitching for Mississippi Braves : RHP Orlando Velazquez
|
Batting: SHB Masatoshi Akahoshi
|
0-0: Foul Ball, location: 2F 0-1: Ball 1-1: Foul Ball, location: 2F 1-2: Foul Ball, location: 2F 1-2: Strikes out swinging
|
Batting: SHB Justin Wallace
|
0-0: Ground out U3 (Groundball, 34, EV 102.5 MPH)
|
Batting: LHB Tony Leyba
|
0-0: Ground out 6-3 (Groundball, 6, EV 90.6 MPH)
|
Top of the 4th over - 0 runs, 0 hits, 0 errors, 0 left on base; Columbia 0 - Mississippi 0 |
BOTTOM OF THE 4TH |
Mississippi Braves batting - Pitching for Columbia Fireflies : RHP Tyler Lybrand
|
Batting: RHB Hieronim Rutkowski
|
0-0: Called Strike 0-1: Ball 1-1: Called Strike 1-2: Ground out 1-3 (Groundball, 13S, EV 70.6 MPH)
|
Batting: LHB Luis Cruz
|
0-0: Foul Ball, location: 2F 0-1: Ball 1-1: Ball 2-1: Foul Ball, location: 2F 2-2: Foul Ball, location: 2F 2-2: DOUBLE (Flyball, 8LXD, EV 95.6 MPH)
|
Batting: RHB Erik Coleman
|
0-0: Ball 1-0: Swinging Strike 1-1: Ball 2-1: Ball 3-1: Base on Balls
|
Batting: RHB Yojiro Hayashi
|
0-0: Ball 1-0: Called Strike 1-1: Ball 2-1: Ball 3-1: Fly out, F2 (Popup, 23F, EV 86.2 MPH)
|
Batting: LHB Sal Fernandez
|
0-0: Ball 1-0: Ball 2-0: Called Strike 2-1: Ball 3-1: Foul Ball, location: 2F 3-2: Strikes out swinging
|
Bottom of the 4th over - 0 runs, 1 hit, 0 errors, 2 left on base; Columbia 0 - Mississippi 0 |
TOP OF THE 5TH |
Columbia Fireflies batting - Pitching for Mississippi Braves : RHP Orlando Velazquez
|
Batting: RHB Masaya Nakamura
|
0-0: Ball 1-0: Ball 2-0: Fly out, F8 (Flyball, 8RD, EV 104.4 MPH)
|
Batting: RHB Andy Carrell
|
0-0: Ball 1-0: Ball 2-0: Foul Ball, location: 2F 2-1: Swinging Strike 2-2: Ball 3-2: Strikes out swinging
|
Batting: RHB Larry Shoop
|
0-0: Called Strike 0-1: Foul Ball, location: 2F 0-2: Ball 1-2: SINGLE (Groundball, 4MD, EV 107.5 MPH)
|
Batting: RHB Dan Muse
|
0-0: Ball Larry Shoop steals 2nd, throwing error, E2 Larry Shoop to third 1-0: Ball 2-0: Foul Ball, location: 2F 2-1: Ball 3-1: Called Strike 3-2: Strikes out looking
|
Top of the 5th over - 0 runs, 1 hit, 1 error, 1 left on base; Columbia 0 - Mississippi 0 |
BOTTOM OF THE 5TH |
Mississippi Braves batting - Pitching for Columbia Fireflies : RHP Tyler Lybrand
|
Batting: SHB Jose Melendez
|
0-0: Called Strike 0-1: Ball 1-1: Swinging Strike 1-2: Strikes out looking
|
Batting: SHB David Beauchamp
|
0-0: Ball 1-0: Ball 2-0: Hit by Pitch
|
Batting: RHB Alex Velasquez
|
0-0: Called Strike David Beauchamp is caught stealing 2nd base 2-4 0-1: Ball 1-1: Called Strike 1-2: Strikes out swinging, 2-3 out at first.
|
Bottom of the 5th over - 0 runs, 0 hits, 0 errors, 0 left on base; Columbia 0 - Mississippi 0 |
TOP OF THE 6TH |
Columbia Fireflies batting - Pitching for Mississippi Braves : RHP Orlando Velazquez
|
Batting: RHB David Reyna
|
0-0: Called Strike 0-1: Ball 1-1: Ground out 5-3 (Groundball, 56, EV 107.5 MPH)
|
Batting: RHB Omar Novoa
|
0-0: Ball 1-0: Foul Ball, location: 2F 1-1: Foul Ball, location: 2F 1-2: Foul Ball, location: 2F 1-2: Ball 2-2: Foul Ball, location: 2F 2-2: Strikes out swinging
|
Batting: SHB Masatoshi Akahoshi
|
0-0: Fly out, F9 (Flyball, 9, EV 86.2 MPH)
|
Top of the 6th over - 0 runs, 0 hits, 0 errors, 0 left on base; Columbia 0 - Mississippi 0 |
BOTTOM OF THE 6TH |
Mississippi Braves batting - Pitching for Columbia Fireflies : RHP Tyler Lybrand
|
Batting: RHB Adrian Billups
|
0-0: Ball 1-0: Called Strike 1-1: Ball 2-1: Foul Ball, location: 2F 2-2: SINGLE (Groundball, 4MD, EV 99.4 MPH) (infield hit)
|
Batting: RHB Hieronim Rutkowski
|
0-0: Called Strike 0-1: Foul Ball, location: 2F 0-2: Foul Ball, location: 2F 0-2: Foul Ball, location: 2F 0-2: Strikes out swinging
|
Batting: LHB Luis Cruz
|
0-0: Called Strike Adrian Billups is caught stealing 2nd base 2-6 0-1: Foul Ball, location: 2F 0-2: Ball 1-2: Strikes out swinging
|
Bottom of the 6th over - 0 runs, 1 hit, 0 errors, 0 left on base; Columbia 0 - Mississippi 0 |
TOP OF THE 7TH |
Columbia Fireflies batting - Pitching for Mississippi Braves : RHP Orlando Velazquez
|
Batting: SHB Justin Wallace
|
0-0: Called Strike 0-1: Ball 1-1: Swinging Strike 1-2: Ground out 5-3 (Groundball, 56, EV 108.8 MPH)
|
Batting: LHB Tony Leyba
|
0-0: Swinging Strike 0-1: Ball 1-1: Called Strike 1-2: Foul Ball, location: 2F 1-2: Ball 2-2: Foul Ball, location: 2F 2-2: Ball 3-2: Base on Balls
|
Batting: RHB Masaya Nakamura
|
0-0: Ball 1-0: Grounds into double play, 6-4-3 (Groundball, 6S, EV 88.1 MPH)
|
Top of the 7th over - 0 runs, 0 hits, 0 errors, 0 left on base; Columbia 0 - Mississippi 0 |
BOTTOM OF THE 7TH |
Mississippi Braves batting - Pitching for Columbia Fireflies : RHP Tyler Lybrand
|
Batting: RHB Erik Coleman
|
0-0: Ball 1-0: Ball 2-0: Called Strike 2-1: Ball 3-1: Foul Ball, location: 2F 3-2: Foul Ball, location: 2F 3-2: Base on Balls
|
Batting: RHB Yojiro Hayashi
|
0-0: Foul Ball, location: 2F 0-1: Ball Erik Coleman is caught stealing 2nd base 2-4 1-1: Ball 2-1: DOUBLE (Flyball, 8LXD, EV 93.8 MPH)
|
Batting: LHB Sal Fernandez
|
0-0: Ball 1-0: Called Strike 1-1: Foul Ball, location: 2F 1-2: Ball 2-2: SINGLE (Flyball, 5D, EV 95.0 MPH) Yojiro Hayashi to third
|
Pitching: RHP Jason Horvath
|
|
Batting: SHB Jose Melendez
|
0-0: Called Strike 0-1: Swinging Strike 0-2: Fly out, F7 (Flyball, 7, EV 86.9 MPH) Runner from 3rd tags up, SCORES, no throw by LF
|
Batting: SHB David Beauchamp
|
0-0: Called Strike 0-1: Ball Sal Fernandez steals 2nd base 1-1: Fly out, F8 (Flyball, 8LD, EV 82.5 MPH)
|
Bottom of the 7th over - 1 run, 2 hits, 0 errors, 1 left on base; Columbia 0 - Mississippi 1 |
TOP OF THE 8TH |
Columbia Fireflies batting - Pitching for Mississippi Braves : RHP Orlando Velazquez
|
Now at 1B: Jose Garate
|
|
Batting: RHB Andy Carrell
|
0-0: Foul Ball, location: 2F 0-1: Foul Ball, location: 2F 0-2: Foul Ball, location: 2F 0-2: Ground out 5-3 (Groundball, 5L, EV 85.0 MPH)
|
Pitching: RHP Damian Molina
|
|
Batting: RHB Larry Shoop
|
0-0: Called Strike 0-1: Ball 1-1: Fly out, F8 (Flyball, 8RD, EV 88.1 MPH)
|
Batting: RHB Dan Muse
|
0-0: Called Strike 0-1: Ball 1-1: Called Strike 1-2: Strikes out swinging
|
Top of the 8th over - 0 runs, 0 hits, 0 errors, 0 left on base; Columbia 0 - Mississippi 1 |
BOTTOM OF THE 8TH |
Mississippi Braves batting - Pitching for Columbia Fireflies : RHP Jason Horvath
|
Batting: RHB Alex Velasquez
|
0-0: Called Strike 0-1: Ball 1-1: Ball 2-1: Foul Ball, location: 2F 2-2: Ground out 5-3 (Groundball, 56, EV 91.9 MPH)
|
Batting: RHB Adrian Billups
|
0-0: Foul Ball, location: 2F 0-1: Ground out 6-3 (Groundball, 6, EV 78.8 MPH)
|
Batting: RHB Hieronim Rutkowski
|
0-0: Foul Ball, location: 2F 0-1: Swinging Strike 0-2: Ball 1-2: Ball 2-2: SOLO HOME RUN (Flyball, 78XD, EV 101.2 MPH), Distance : 395 ft
|
Batting: LHB Luis Cruz
|
0-0: Called Strike 0-1: Swinging Strike 0-2: Ball 1-2: Foul Ball, location: 2F 1-2: Strikes out swinging
|
Bottom of the 8th over - 1 run, 1 hit, 0 errors, 0 left on base; Columbia 0 - Mississippi 2 |
TOP OF THE 9TH |
Columbia Fireflies batting - Pitching for Mississippi Braves : RHP Damian Molina
|
Pitching: RHP Omar Orosco
|
|
Batting: RHB David Reyna
|
0-0: Ball 1-0: Ground out 6-3 (Groundball, 56, EV 87.5 MPH)
|
Pinch Hitting: LHB Preston Knaak
|
0-0: Called Strike 0-1: Ball 1-1: Ball 2-1: Hit by Pitch
|
Batting: SHB Masatoshi Akahoshi
|
0-0: Ball 1-0: Foul Ball, location: 2F 1-1: Ball 2-1: Foul Ball, location: 2F 2-2: Ball Wild Pitch! Preston Knaak to second 3-2: Strikes out swinging
|
Batting: SHB Justin Wallace
|
0-0: Ball 1-0: Called Strike 1-1: Called Strike 1-2: Ball 2-2: Fly out, F6 (Line Drive, 6, EV 63.8 MPH)
|
Top of the 9th over - 0 runs, 0 hits, 0 errors, 1 left on base; Columbia 0 - Mississippi 2 |
|